 Dungeon Crawl Stone Soup version 0.31.0-9-g3a7656b989 (webtiles) character file.

Game seed: 9439959943730071080

4414 qw the Markself (level 10, -8/56 HPs)
             Began as a Deep Elf Hunter on Feb 2, 2024.
             Was a Believer of Okawaru.
             Killed from afar by a steam dragon (15 damage)
             ... with a ball of steam
             ... on level 8 of the Dungeon.
             The game lasted 00:00:35 (7126 turns).

qw the Markself (Deep Elf Hunter)                   Turns: 7126, Time: 00:00:35

Health: -8/56      AC: 13    Str: 12    XL:     10   Next: 14%
Magic:  15/15      EV: 15    Int: 15    God:    Okawaru [**....]
Gold:   438        SH:  0    Dex: 22    Spells: 9/9 levels left

rFire   . . .        r - +0 longbow
rCold   x . .        (shield currently unavailable)
rNeg    . . .        i - +1 ring mail
rPois   .            (no helmet)
rElec   .            (no cloak)
rCorr   +            q - +0 pair of gloves
SInv    .            g - +1 pair of boots {Fly}
Will    ++...        (no amulet)
Stlth   ++           d - +4 ring of protection
HPRegen 0.29/turn    a - ring "Jaossik" {rC- Will+ rCorr Dex+4}
MPRegen 0.14/turn

%: no passive effects
@: about to teleport, flying
A: no striking features
a: Renounce Religion, Heroism


You were on level 8 of the Dungeon.
You worshipped Okawaru.
Okawaru was pleased with you.
You visited 2 branches of the dungeon, and saw 9 of its levels.

You collected 438 gold pieces.


   Skills:
 - Level 4.0 Fighting
 + Level 16.1 Ranged Weapons
 - Level 2.0 Armour
 - Level 7.0 Dodging
 - Level 1.2 Stealth
 - Level 4.0 Invocations


You had 9 spell levels left.
You didn't know any spells.
Your spell library was empty.

Inventory:

Hand Weapons
 r - a +0 longbow (weapon)
Armour
 g - a +1 pair of boots of flying (worn)
 i - a +1 ring mail (worn)
 k - a +0 cloak
 q - a +0 pair of gloves (worn)
Jewellery
 a - the ring "Jaossik" (right hand) {rC- Will+ rCorr Dex+4}
   (You acquired it on level 8 of the Dungeon)

   [ring of willpower]

   Dex+4:     It affects your dexterity (+4).
   rC-:       It makes you vulnerable to cold.
   Will+:     It increases your willpower.
   rCorr:     It protects you from acid and corrosion.
 b - a ring of ice
 d - a +4 ring of protection (left hand)
 j - an amulet of guardian spirit
Wands
 c - a wand of polymorph (3)
 e - a wand of paralysis (9)
 m - a wand of iceblast (18)
Scrolls
 s - a scroll of identify
 t - a scroll of silence {unknown}
Potions
 f - a potion of haste
 h - 2 potions of cancellation
 l - a potion of mutation {unknown}
 o - a potion of might {unknown}
 p - 2 potions of curing

Dungeon Overview and Level Annotations

Branches:
Dungeon (8/15)             Temple (1/1) D:5            Lair (0/5) D:8

Altars:
Cheibriados
Dithmenos
Elyvilon
Fedhas
Gozag
Hepliaklqana
Kikubaaqudgha
Makhleb
Nemelex Xobeh
Okawaru
Qazlal
Sif Muna
Trog
Uskayaw
Vehumet
Wu Jian
Xom
Zin

Annotations:
D:2 1 runed translucent door, Crazy Yiuf


Message History

The acid dragon bites you. The acid dragon barely misses you.
You shoot an arrow.
The arrow closely misses the acid dragon.
The arrow hits the orc wizard!!
You kill the orc wizard!
Okawaru accepts your kill. Something hits you but does no damage.
The white imp gestures at you. The puff of frost hits you.
The acid dragon closely misses you. x2
An orc warrior comes into view. It is wielding a +0 battleaxe.
You shoot an arrow. The arrow hits the acid dragon!
The acid dragon is almost dead.
Something hits you.
The white imp hits you but does no damage.
The acid dragon bites you but does no damage.
The acid dragon claws you but does no damage.
You shoot an arrow. The arrow hits the acid dragon!
You kill the acid dragon!
Okawaru accepts your kill. Something hits you but does no damage.
The white imp gestures at you. The puff of frost hits you!
You feel a terrible chill!
7124 ||| READING scroll of teleportation.
As you read the scroll of teleportation, it crumbles to dust.
You feel strangely unstable. Something hits you. The white imp misses you.
The orc hits you but does no damage.
You shoot an arrow. The arrow hits the orc!
You kill the orc!
Okawaru accepts your kill. Something hits you but does no damage.
The white imp gestures at you. The puff of frost hits you.
You shoot an arrow.
The arrow hits the steam dragon but does no damage.
Something hits you but does no damage.
The white imp hits you but does no damage.
The steam dragon breathes steam at you. The ball of steam hits you!
You die...

.#.....'#
.#.#...## .#
##.###.# ## ##..
...# #.# #. .#..
#### #.####
.###... #
#....#####..#.)#
#
####.....##..o#
# #####.##{D'# #
#...@5.#
########


You could see a steam dragon (catching breath), an orc warrior and a white imp.

Vanquished Creatures
  A two-headed ogre (D:7)
  Maggie (D:8)
  A hornet (D:8)
  A wyvern (D:8)
  3 steam dragons
  An acid dragon (D:8)
  A water moccasin (D:6)
  An ice beast (D:6)
  2 sky beasts
  2 ogres
  2 centaurs
  A phantom (D:6)
  3 bullfrogs
  2 gnoll sergeants
  8 scorpions
  4 wights (D:8)
  A killer bee (D:8)
  A vampire bat (D:3)
  5 orc priests
  5 hounds
  2 jellies
  Jessica (D:3)
  2 iguanas
  Ijyb (D:3)
  5 orc wizards
  7 gnolls
  6 adders
  4 dart slugs
  3 fire bats (D:3)
  A ribbon worm (D:2)
  27 orcs
  2 spectral bats (D:3)
  3 bat skeletons (D:3)
  A bat zombie (D:3)
  5 endoplasms
  3 giant cockroaches
  4 goblins
  12 hobgoblins
  2 jackals (D:1)
  8 kobolds
  2 quokkas (D:1)
  7 ball pythons
  20 bats
  A bat simulacrum (D:3)
  A frilled lizard (D:1)
  5 rats
181 creatures vanquished.

Notes
Turn   | Place    | Note
-------+----------+-------------------------------------------
     0 | D:1      | qw the Deep Elf Hunter began the quest for the Orb.
     0 | D:1      | Reached XP level 1. HP: 12/12 MP: 3/3
     0 | D:1      | 0 ||| qw: Version: 0.3-a-155-g5e7d8dd
     0 | D:1      | 0 ||| qw: Game counter: 259
     0 | D:1      | 0 ||| qw: Melee chars always use a shield: true
     0 | D:1      | 0 ||| qw: God list: Okawaru
     0 | D:1      | 0 ||| qw: Allow faded altars: false
     0 | D:1      | 0 ||| qw: Do Orc after clearing Dungeon:15 true
     0 | D:1      | 0 ||| qw: Do second Lair branch before Depths: true
     0 | D:1      | 0 ||| qw: Lair rune preference: random
     0 | D:1      | 0 ||| qw: Goals: Normal
     0 | D:1      | 0 ||| PLANNING D:1-11
    93 | D:1      | Reached skill level 6 in Ranged Weapons
    93 | D:1      | Reached XP level 2. HP: 16/16 MP: 4/4
   547 | D:1      | Reached XP level 3. HP: 20/20 MP: 5/5
   646 | D:1      | 646 ||| UPGRADING to amulet of guardian spirit.
   651 | D:1      | 651 ||| UPGRADING to +4 ring of protection.
   652 | D:1      | 652 ||| READING 2 scrolls labelled XASHRO UZUE.
   652 | D:1      | 652 ||| ENCHANTING +0 shortbow.
   653 | D:1      | 653 ||| READING scroll labelled VUMMIYP FISCHENN.
   654 | D:1      | 654 ||| DRINKING 2 smoky orange potions.
   655 | D:1      | 655 ||| DROPPING scroll of butterflies.
   827 | D:2      | Reached skill level 7 in Ranged Weapons
  1200 | D:2      | Found a runed translucent door.
  1201 | D:2      | Noticed Crazy Yiuf
  1717 | D:2      | 1717 ||| UPGRADING to +0 ring mail.
  1727 | D:2      | 1727 ||| DROPPING +0 leather armour.
  1728 | D:2      | 1728 ||| READING scroll of enchant armour.
  1728 | D:2      | 1728 ||| ENCHANTING +0 ring mail.
  1729 | D:2      | 1729 ||| READING scroll labelled YVEDEONGISCH.
  1729 | D:2      | 1729 ||| IDENTIFYING metallic grey potion
  1730 | D:2      | 1730 ||| READING scroll labelled KYELIA JEGAHAH.
  1730 | D:2      | Identified a scroll of acquirement
  1730 | D:2      | 1730 ||| ACQUIRING +3 shortbow
  1730 | D:2      | Acquired a +3 shortbow
  1732 | D:2      | 1732 ||| SWAPPING to +3 shortbow.
  1733 | D:2      | 1733 ||| DROPPING +0 shortbow.
  1734 | D:2      | 1734 ||| DROPPING potion of lignification.
  1788 | D:3      | Reached XP level 4. HP: 25/25 MP: 6/6
  1826 | D:3      | Noticed Ijyb
  1829 | D:3      | 1829 ||| FLEEEEING.
  1830 | D:3      | 1830 ||| FLEEEEING.
  1831 | D:3      | 1831 ||| FLEEEEING.
  1832 | D:3      | 1832 ||| FLEEEEING.
  1839 | D:3      | Killed Ijyb
  2027 | D:3      | Reached skill level 8 in Ranged Weapons
  2256 | D:3      | Found an ancient bone altar of Kikubaaqudgha.
  2285 | D:3      | Noticed Jessica
  2291 | D:3      | Killed Jessica
  2292 | D:3      | Reached XP level 5. HP: 29/29 MP: 7/7
  2299 | D:3      | Found a shadowy altar of Dithmenos.
  2493 | D:3      | Reached skill level 9 in Ranged Weapons
  2589 | D:3      | Reached XP level 6. HP: 35/35 MP: 8/8
  2699 | D:3      | Found a faded altar of an unknown god.
  2700 | D:3      | 2700 ||| READING 2 scrolls labelled BYEKHLU WU CUGH.
  2701 | D:3      | 2701 ||| READING 2 scrolls labelled FUGEYCLOCHO.
  2701 | D:3      | 2701 ||| ENCHANTING +3 shortbow.
  2702 | D:3      | 2702 ||| READING scroll of enchant weapon.
  2702 | D:3      | 2702 ||| ENCHANTING +4 shortbow.
  2703 | D:3      | 2703 ||| READING scroll labelled DOCVOW NUPOGU.
  2704 | D:3      | 2704 ||| DRINKING 2 coppery potions.
  2705 | D:3      | 2705 ||| DROPPING scroll of fog.
  2814 | D:4      | 2814 ||| READING scroll of enchant weapon.
  2814 | D:4      | 2814 ||| ENCHANTING +5 shortbow.
  2886 | D:4      | Found a hazy altar of Hepliaklqana.
  3556 | D:4      | Reached skill level 10 in Ranged Weapons
  3571 | D:4      | Reached skill level 3 in Dodging
  3571 | D:4      | 3571 ||| FLEEEEING.
  3572 | D:4      | 3572 ||| FLEEEEING.
  3573 | D:4      | 3573 ||| FLEEEEING.
  3574 | D:4      | 3574 ||| FLEEEEING.
  3575 | D:4      | 3575 ||| FLEEEEING.
  3576 | D:4      | 3576 ||| FLEEEEING.
  3577 | D:4      | 3577 ||| FLEEEEING.
  3578 | D:4      | 3578 ||| FLEEEEING.
  3584 | D:4      | 3584 ||| DRINKING potion of curing.
  3584 | D:4      | 3584 ||| (to cure confusion)
  3585 | D:4      | 3585 ||| FLEEEEING.
  3586 | D:4      | 3586 ||| FLEEEEING.
  3587 | D:4      | 3587 ||| FLEEEEING.
  3588 | D:4      | 3588 ||| FLEEEEING.
  3589 | D:4      | 3589 ||| FLEEEEING.
  3590 | D:4      | 3590 ||| FLEEEEING.
  3591 | D:4      | 3591 ||| FLEEEEING.
  3592 | D:4      | 3592 ||| FLEEEEING.
  3593 | D:4      | 3593 ||| FLEEEEING.
  3594 | D:4      | 3594 ||| FLEEEEING.
  3600 | D:4      | 3600 ||| FLEEEEING.
  3601 | D:4      | 3601 ||| FLEEEEING.
  3602 | D:4      | 3602 ||| FLEEEEING.
  3603 | D:4      | 3603 ||| FLEEEEING.
  3605 | D:4      | 3605 ||| FLEEEEING.
  3606 | D:4      | 3606 ||| FLEEEEING.
  3751 | D:4      | 3751 ||| READING 3 scrolls of identify.
  3751 | D:4      | 3751 ||| IDENTIFYING fizzy silvery potion
  3752 | D:4      | 3752 ||| READING 2 scrolls of identify.
  3752 | D:4      | 3752 ||| IDENTIFYING sedimented red potion
  3753 | D:4      | 3753 ||| READING scroll of identify.
  3753 | D:4      | 3753 ||| IDENTIFYING 2 black potions
  3754 | D:4      | 3754 ||| READING scroll labelled GIPOSAQUUPO.
  3755 | D:4      | 3755 ||| DROPPING potion of attraction.
  3756 | D:4      | 3756 ||| DROPPING potion of brilliance.
  3807 | D:5      | Entered Level 5 of the Dungeon
  3826 | D:5      | Found a staircase to the Ecumenical Temple.
  3827 | D:5      | 3827 ||| PLANNING TEMPLE
  3835 | Temple   | Entered the Ecumenical Temple
  3836 | Temple   | 3836 ||| PLANNING D:1-11
  3851 | D:5      | Reached XP level 7. HP: 40/40 MP: 9/9
  3900 | D:5      | Found a white marble altar of Elyvilon.
  3945 | D:5      | Found a sparkling altar of Nemelex Xobeh.
  3961 | D:5      | Found a glowing silver altar of Zin.
  3990 | D:5      | Reached skill level 11 in Ranged Weapons
  4023 | D:5      | Found a hide-covered altar of Uskayaw.
  4192 | D:5      | Found an opulent altar of Gozag.
  4343 | D:5      | Reached skill level 12 in Ranged Weapons
  4412 | D:5      | 4412 ||| UPGRADING to +1 pair of boots of flying.
  4463 | D:5      | 4463 ||| READING 2 scrolls labelled VEHELO UMAUN.
  4467 | D:5      | 4467 ||| DRINKING 2 bubbling emerald potions.
  4494 | D:6      | 4494 ||| STAIRDANCE
  4504 | D:6      | 4504 ||| STAIRDANCE
  4543 | D:6      | 4543 ||| STAIRDANCE
  4549 | D:5      | Reached skill level 1 in Armour
  4687 | D:6      | Reached XP level 8. HP: 44/44 MP: 10/10
  4736 | D:6      | Reached skill level 3 in Fighting
  5135 | D:6      | Reached skill level 13 in Ranged Weapons
  5399 | D:6      | Reached skill level 14 in Ranged Weapons
  5410 | D:6      | 5410 ||| UPGRADING to +0 pair of gloves.
  5475 | D:7      | Reached XP level 9. HP: 51/51 MP: 11/11
  5741 | D:7      | 5741 ||| SWAPPING to +0 longbow.
  5742 | D:7      | 5742 ||| DROPPING +6 shortbow.
  5816 | D:7      | Found a bloodstained altar of Trog.
  5819 | D:7      | Found a burning altar of Makhleb.
  5819 | D:7      | Found an iron altar of Okawaru.
  5819 | D:7      | Found an ornate altar of the Wu Jian Council.
  5820 | D:7      | 5820 ||| PLANNING OKAWARU WORSHIP
  5820 | D:7      | 5820 ||| READING scroll labelled VUDDIA ZYLO.
  5821 | D:7      | 5821 ||| DROPPING wand of flame (58).
  5823 | D:7      | 5823 ||| Stepping ~*~*~tactically~*~*~ (cloud).
  5905 | D:7      | Became a worshipper of Warmaster Okawaru
  5906 | D:7      | 5906 ||| PLANNING D:1-11
  5906 | D:7      | 5906 ||| REMOVING amulet of guardian spirit.
  6004 | D:7      | Noticed a two-headed ogre
  6005 | D:7      | 6005 ||| DRINKING potion of haste.
  6013 | D:7      | HP: 13/52 [two-headed ogre/+0 giant club (13)]
  6013 | D:7      | HP: 4/52 [two-headed ogre/+0 giant club (9)]
  6014 | D:7      | 6014 ||| READING 2 scrolls of teleportation.
  6015 | D:7      | 6015 ||| DRINKING 3 potions of heal wounds.
  6016 | D:7      | 6016 ||| DRINKING 2 potions of heal wounds.
  6019 | D:7      | Killed a two-headed ogre
  6019 | D:7      | Reached * piety under Okawaru
  6020 | D:7      | Reached skill level 15 in Ranged Weapons
  6260 | D:7      | 6260 ||| READING scroll of identify.
  6260 | D:7      | 6260 ||| IDENTIFYING glowing grey potion
  6261 | D:7      | 6261 ||| DROPPING potion of degeneration.
  6280 | D:8      | Found a staircase to the Lair.
  6282 | D:8      | 6282 ||| READING scroll of acquirement.
  6282 | D:8      | 6282 ||| ACQUIRING ring "Jaossik" {rC- Will+ rCorr Dex+4}
  6282 | D:8      | Acquired the ring "Jaossik" {rC- Will+ rCorr Dex+4}
  6284 | D:8      | 6284 ||| UPGRADING to ring "Jaossik" {rC- Will+ rCorr
                  | Dex+4}.
  6380 | D:8      | 6380 ||| INVOKING Heroism.
  6383 | D:8      | Reached skill level 6 in Dodging
  6559 | D:8      | 6559 ||| Stepping ~*~*~tactically~*~*~ (cloud).
  6563 | D:8      | Reached skill level 1 in Invocations
  6586 | D:8      | Noticed Maggie
  6587 | D:8      | 6587 ||| INVOKING Heroism.
  6597 | D:8      | Killed Maggie
  6598 | D:8      | Reached skill level 3 in Invocations
  6767 | D:8      | Reached skill level 16 in Ranged Weapons
  6804 | D:8      | Reached XP level 10. HP: 23/53 MP: 14/14
  6806 | D:8      | HP: 7/53 [wight/+4 spear (8)]
  6807 | D:8      | 6807 ||| READING scroll of teleportation.
  6807 | D:8      | HP: 3/52 [wight/+4 spear (2)]
  6808 | D:8      | 6808 ||| DRINKING potion of heal wounds.
  7020 | D:8      | Reached ** piety under Okawaru
  7123 | D:8      | HP: 10/56 [white imp/puff of frost (15)]
  7124 | D:8      | 7124 ||| READING scroll of teleportation.
  7126 | D:8      | Killed from afar by a steam dragon

Levels and vault maps discovered:
D:1:      dpeg_arrival_houses_and_road, layout_loops_cross, minmay_tromino_i2
D:2:      layout_basic, nicolae_houndstooth_variations, uniq_crazy_yiuf_cottage
D:3:      layout_loops_ring, mainiacjoe_overflow_24_doors, marbit_many_paths,
          shapermc_ecumenical_altar_mp_vishouse, goddamned_bats, uniq_jessica,
          uniq_ijyb
D:4:      layout_basic, mainiacjoe_overflow_cross_hatched
D:5:      layout_gridville, mainiacjoe_overflow_boulevard,
          mainiacjoe_overflow_concentric_impassable, general_overflow_altar,
          nicolae_overflow_crystal_walls, nemelex_xobeh_ov_fountains_minmay,
          minmay_temple_entry_drinking_statues
D:6:      layout_basic, ebering_dispersal_statue_hall
D:7:      layout_cave_pools, grunt_temple_overflow_open,
          kennysheep_generic_room_14
D:8:      layout_basic, mainiacjoe_overflow_chevrons, lair_entry_dummy,
          kennysheep_kite_vault, uniq_maggie
Temple:   nicolae_temple_stand_before_the_council

Skill      XL: |  1  2  3  4  5  6  7  8  9 10 |
---------------+-------------------------------+-----
Ranged Weapons | 6 7 8 9 10 12 14 16 | 16.1
Fighting       | 2 3 4 |  4.0
Dodging        | 3 5 6 7 |  7.0
Armour         | 1 2 |  2.0
Invocations    | 3 4 |  4.0
Stealth        | |  1.2

Action                     |  1- 3 |  4- 6 |  7- 9 | 10-12 || total
---------------------------+-------+-------+-------+-------++-------
   Fire: Shortbow          |   134 |   174 |   171 |       ||   479
         Longbow           |       |       |    70 |    41 ||   111
 Invoke: Heroism           |       |       |     2 |       ||     2
    Use: Scroll            |     5 |     9 |     5 |     2 ||    21
         Potion            |     1 |     2 |     4 |     1 ||     8
 Armour: Leather armour    |    30 |       |       |       ||    30
         Ring mail         |     2 |    97 |    59 |    39 ||   197
  Dodge: Dodged            |    32 |    77 |    52 |    24 ||   185

Table legend:
 A = Non-vault XP
 B = Vault XP
 C = Vault XP percentage of total XP
 D = Non-vault monster count
 E = Vault monster count
 F = Vault count percentage of total count
                 A         B        C        D         E       F
            +---------+---------+-------+---------+---------+-------
      Total |    4455 |    1851 |  29.4 |     151 |      30 |  16.6
            +---------+---------+-------+---------+---------+-------
        D:1 |      44 |       0 |   0.0 |      24 |       0 |   0.0
        D:2 |      49 |       0 |   0.0 |      23 |       0 |   0.0
        D:3 |      47 |     248 |  84.1 |      13 |      23 |  63.9
        D:4 |     258 |       0 |   0.0 |      28 |       0 |   0.0
        D:5 |     731 |       0 |   0.0 |      13 |       0 |   0.0
        D:6 |    1237 |       0 |   0.0 |      22 |       0 |   0.0
        D:7 |     628 |     827 |  56.8 |      13 |       1 |   7.1
        D:8 |    1461 |     776 |  34.7 |      15 |       6 |  28.6
            +---------+---------+-------+---------+---------+-------
